[Event "Czech Extraliga 2024-25"]
[Site "Czechia"]
[Date "2024.11.03"]
[Round "2.6"]
[White "Mladek, Richard"]
[Black "Klement, Lukas"]
[Result "1-0"]
[ECO "E18"]
[WhiteElo "2387"]
[BlackElo "2271"]
[Annotator "RC"]
[PlyCount "91"]
[EventDate "2024.09.12"]
[EventType "team-tourn"]
[EventCountry "CZE"]
[SourceTitle "playchess.com"]
[Source "ChessBase"]
[SourceQuality "1"]
[TimeControl "40/5400+30:1800+30"]

1. d4 Nf6 2. c4 e6 3. Nf3 b6 4. g3 Bb7 5. Bg2 Bb4+ 6. Bd2 Be7 7. Nc3 O-O 8. O-O Ne4 9. Qc2 Nxd2 10. Qxd2 d6 11. e4 Nd7 12. Rad1 a6 13. Qc2 c6 14. a3 Qc7 15. Rfe1 e5 16. Bh3 Rad8 17. Qb3 exd4 18. Nxd4 g6 19. Rd2 Rfe8 20. Bg2 Bf8 21. Red1 Ne5 22. h3 b5 23. cxb5 axb5 24. a4 Nc4 25. Rc2 Na5 26. Qa2 Qb6 27. b4 Nc4 28. axb5 cxb5 29. Ncxb5 Ne5 30. Nc7 Re7 31. Qa5 Nd7 32. Nd5 Bxd5 33. Qxb6 Nxb6 34. exd5 Rb7 35. Re1 Ra8 36. Nc6 Bg7 37. Na5 Rd7 38. h4 Bf6 39. Rc6 Rb8 40. Rec1 Bb2 41. Rb1 Bf6 42. Rc2 Ra8 43. Rbc1 Raa7 44. Bh3 Re7 45. Nc6 Nxd5 46. Bg2 1-0

[Event "Czech Extraliga 2024-25"]
[Site "Czechia"]
[Date "2024.11.03"]
[Round "2.6"]
[White "Brozka, Karel"]
[Black "Baklan, Vladimir"]
[Result "1-0"]
[ECO "E11"]
[WhiteElo "2188"]
[BlackElo "2541"]
[Annotator "TA"]
[PlyCount "79"]
[EventDate "2024.09.12"]
[EventType "team-tourn"]
[EventCountry "CZE"]
[SourceTitle "playchess.com"]
[Source "ChessBase"]
[SourceQuality "1"]
[TimeControl "40/5400+30:1800+30"]

1. d4 Nf6 2. c4 e6 3. Nf3 Bb4+ 4. Bd2 a5 5. a3 Be7 6. Nc3 d5 7. Bg5 O-O 8. e3 Nbd7 9. cxd5 exd5 10. Bd3 c6 11. Qc2 h6 12. Bh4 b5 13. a4 b4 14. Ne2 c5 15. dxc5 Nxc5 16. Bb5 {[%emt 0:14:25] Threatens to win with Bxf6.} Nfe4 17. Bxe7 Qxe7 18. Nfd4 Bb7 19. O-O Rac8 20. Qd1 Nd6 21. Nf4 Rfd8 22. Qg4 Qg5 23. Qxg5 hxg5 24. Nd3 Ne6 25. Rfc1 Nc4 26. Rc2 Nxd4 27. exd4 Bc6 28. Bxc4 dxc4 29. Rxc4 Bd5 30. Rxc8 Rxc8 $11 {[%emt 0:00:03][%mdl 4096] Endgame. KRB-KRN} 31. Rc1 Rd8 32. Nc5 Re8 33. Kf1 {[%emt 0:00:30] Wards off Re2} g4 34. b3 f5 35. Rd1 Re7 36. Rd3 f4 37. h3 f3 38. Re3 $2 {[%emt 0:02:12][%mdl 8192] [#]} (38. gxf3 $11 {and White stays safe.} Bxf3 (38... gxh3 39. Kg1 $11) 39. Re3 Rxe3 40. fxe3 gxh3 41. Kg1) 38... gxh3 $2 39. gxh3 (39. Rxe7 $2 {is the wrong capture.} h2 (39... fxg2+ $2 {perishes.} 40. Kg1 $18) 40. Re8+ Kf7 $19) 39... Kf7 40. Ke1 {[%emt 0:01:01][%mdl 32768] Weighted Error Value: White=0.24 (precise) /Black=0.23 (precise) .  Loses game:     	White=1     	---        Missed win:     	---       	Black=1      Inaccurate:     	White=4     	Black=1      OK:         	White=17    	Black=12     Best:        	White=1     	Black=2     . Sensor Board Error (Ke4/e5)?} 1-0

[Event "Czech Extraliga 2024-25"]
[Site "Czechia"]
[Date "2024.11.03"]
[Round "2.7"]
[White "Vlasak, Lukas"]
[Black "Jares, Michal"]
[Result "1-0"]
[ECO "B12"]
[WhiteElo "2458"]
[BlackElo "2285"]
[Annotator "TA"]
[PlyCount "85"]
[EventDate "2024.09.12"]
[EventType "team-tourn"]
[EventCountry "CZE"]
[SourceTitle "playchess.com"]
[Source "ChessBase"]
[SourceQuality "1"]
[TimeControl "40/5400+30:1800+30"]

1. e4 c6 2. d4 d5 3. e5 Bf5 4. Nf3 e6 5. Be2 Ne7 6. O-O c5 7. c4 Nbc6 8. dxc5 d4 {[%emt 0:00:07] ...d3 would now be deadly.} 9. Qb3 Ng6 10. Qxb7 {[%emt 0:03:25] White is slightly better.} Qc8 11. Qxc8+ Rxc8 12. a3 $1 a5 {[%emt 0:00:03] [#]} (12... Ncxe5 $2 13. Nxd4 Bxc5 14. Nxf5 exf5 15. Nc3 $18) 13. b4 $1 axb4 (13... Ncxe5 14. Nxd4 (14. bxa5 Bxc5 15. Nbd2 Ke7 $11) 14... Bd3 15. Bxd3 (15. bxa5 Bxc5 16. Bxd3 Bxd4 $17) 15... Nxd3 16. Bd2 $18 (16. bxa5 Nge5 $16)) 14. axb4 Nxb4 15. Nxd4 Bd3 16. Bxd3 Nxd3 17. c6 {[%emt 0:00:39] aiming for Nb5.} (17. Ba3 {simplifies} Bxc5 18. Bxc5 Nxc5 19. f4) 17... Ngxe5 {[%emt 0:20:25][%cal Of8c5] [#]} 18. Ba3 $1 Nb4 $2 {[%emt 0:24:20] Loses the game.} ({Better is} 18... Nxc6 $14 19. Nxc6 Rxc6) 19. c7 $1 $18 Ned3 (19... Be7 $142 20. Nb5 Nc2) 20. Nb5 Be7 21. N1c3 Nc2 {[%emt 0:02:38] [#]} 22. Bxe7 Kxe7 23. Ra7 Ncb4 24. Ne4 Nc6 25. Ra3 Nde5 26. c5 (26. Ned6 Rxc7 27. c5 (27. Nxc7 Kxd6 28. Nb5+ Ke7 $18) 27... Rd7 $16) 26... Nc4 27. Ra4 f5 28. Rxc4 fxe4 29. Rxe4 Rhf8 30. Rd1 e5 31. Rd6 Rf6 {[%emt 0:00:19] [#]} 32. f4 $1 Re6 (32... Rcf8 33. h3) 33. f5 Rf6 34. g4 h6 35. h4 h5 36. g5 Rxd6 37. cxd6+ {[%emt 0:00:08][%mdl 4096] Endgame. KRN-KRN} Kd7 38. Rc4 {[%emt 0:00:56][%cal Oc4c6] White threatens Rxc6! and mate.} Ra8 {[%emt 0:01:43] [#]} 39. Rxc6 $1 {[%emt 0:00:27] White mates.} Kxc6 40. Na7+ Kd7 41. c8=Q+ Rxc8 42. Nxc8 Kxc8 43. f6 {[%emt 0:00:07] Weighted Error Value: White=0.01 (flawless) /Black=0.41.  Mistake:       	---       	Black=2      Inaccurate:     	---       	Black=2      OK:         	White=13    	Black=7      Best:        	White=3     	---        Strong:       	White=3     	---} 1-0

[Event "Czech Extraliga 2024-25"]
[Site "Czechia"]
[Date "2024.11.03"]
[Round "2.7"]
[White "Gnojek, Petr"]
[Black "Kriebel, Tadeas"]
[Result "1/2-1/2"]
[ECO "A79"]
[WhiteElo "2420"]
[BlackElo "2512"]
[Annotator "TA"]
[PlyCount "238"]
[EventDate "2024.09.12"]
[EventType "team-tourn"]
[EventCountry "CZE"]
[SourceTitle "playchess.com"]
[Source "ChessBase"]
[SourceQuality "1"]
[TimeControl "40/5400+30:1800+30"]

1. d4 Nf6 2. c4 c5 3. d5 e6 4. Nc3 exd5 5. cxd5 d6 6. Nf3 g6 7. Nd2 Bg7 8. e4 O-O 9. Be2 Re8 10. O-O Na6 11. f3 Nc7 12. a4 b6 13. Nc4 Ba6 14. Ne3 Bxe2 15. Qxe2 a6 16. Rd1 Rb8 17. Nc4 b5 18. axb5 axb5 19. Na5 Qd7 20. Nc6 Rb7 21. Qc2 $36 {[%emt 0:04:05][%mdl 2048] Black is under pressure.} Nh5 22. g4 Nf6 23. Qg2 b4 24. Ne2 Kh8 (24... Nb5 $11) 25. Ng3 $14 Ng8 26. Bf4 Nb5 27. Ra6 Nc7 $1 28. Raa1 Nb5 $1 29. Ra6 (29. Na5 $14) 29... Nc7 $11 30. Ra4 Ne7 {[%emt 0:00:27][%cal Oe7d5] White must now prevent ...Nexd5!} 31. b3 ({White should try} 31. Raa1 $15) 31... Nxc6 $17 32. dxc6 Qxc6 33. Rxd6 Qb5 34. Qe2 {[%emt 0:06:09] Prevents c4.} (34. Be3 $17) 34... Ne6 (34... c4 $1 $19 35. Qxc4 Qxc4 36. bxc4 Ne6) 35. Be3 ({Better is} 35. Qxb5 $15 Rxb5 36. Be3) 35... Bd4 (35... c4 $1 $17 {Hoping for ...Nc5.} 36. Rd5 Qc6) 36. Kf2 Bxe3+ 37. Kxe3 Nd4 (37... c4 $1 $17 38. Qxc4 Qxc4 39. bxc4 b3) 38. Qxb5 $11 Rxb5 39. Ra7 Kg8 (39... Rf8 $11 {keeps the balance.}) 40. Rdd7 $16 Rf8 41. e5 $1 Rb6 (41... Nxb3 $2 42. e6 Re8 43. e7 $18) (41... Nc6 42. Rac7 Nxe5 43. Re7 $17) 42. Ne4 Nxb3 $2 (42... Nc6 $16) 43. Ng5 $18 Nd4 44. Nxf7 (44. Rxf7 $2 Rxf7 45. Rxf7 h6 $19) 44... g5 45. Nd6 Rxf3+ 46. Ke4 Nc6 47. Rac7 {[%emt 0:00:00][%cal Od6f5] Intending Nf5! and mate.} (47. Kxf3 Nxe5+ 48. Ke2 Nxd7 49. Rxd7 b3 50. Rd8+ Kg7 51. Nf5+ Kf6 $11) 47... Rf4+ 48. Kd5 b3 49. Nf5 (49. Rxc6 Rxc6 50. Kxc6 b2 $11) (49. Kxc5 Nxe5 (49... b2 $2 50. Nf5 $18) 50. Rg7+ (50. Kxb6 $2 Nxd7+ 51. Kc6 Nb6 $19) 50... Kf8 51. Rxh7 (51. Kxb6 $2 b2 $19) 51... Rc6+ 52. Rxc6 Nxc6 53. Kxc6 Rb4 $16) (49. Rxh7 b2 (49... Rxg4 50. Rcg7+ Kf8 51. Rf7+ Kg8 52. Rhg7+ Kh8 53. Nf5 Nb4+ 54. Kxc5 Nd3+ 55. Kxb6) 50. Rcg7+ Kf8 $11) (49. Rg7+ $142 Kf8 50. Rgd7 (50. Rxc6 $2 Rd4+ 51. Kxc5 Rxc6+ 52. Kxc6 Kxg7 $19) (50. Rxg5 Ne7+ 51. Rxe7 Kxe7 $15) (50. Rxh7 Kg8 $18)) 49... Nb4+ 50. Kxc5 {[%emt 0:00:00][%cal Rc7c8] White is more active.} Na6+ 51. Kxb6 Nxc7 52. Kxc7 {[%emt 0:00:00][%mdl 4096] Endgame. White wants to mate with e6. KRN-KR} b2 53. Rd8+ Kf7 54. Rb8 Ke6 55. Rxb2 Rc4+ 56. Kd8 Rxg4 57. Ng3 (57. h3 Ra4 $16) (57. Re2 $1 $18 {Ng7+ is the strong threat.} Kxf5 58. e6 Rd4+ 59. Kc7) 57... Kxe5 58. Ke7 Ra4 {[%emt 0:00:45] [#]} (58... Rh4 $142 59. Rc2 Kf4 60. Rf2+ Ke3) 59. Rf2 $1 $16 Ra7+ 60. Kf8 {[%emt 0:00:04] aiming for Rf5+.} Kd4 {[%emt 0:02:39] [#]} 61. Rf3 (61. Rf5 $142 $1 ) 61... Ra2 62. h3 {[%emt 0:00:04] And now Kg7 would win.} Ra7 63. Kg8 {[%emt 0:01:08] Strongly threatening Rb3.} h6 64. Rb3 Ke5 {[%emt 0:00:20] Prevents Nf5} 65. Nh5 Ra4 66. Kg7 Rh4 67. Nf6 h5 $1 {[%emt 0:00:37] Inhibits Ng4+.} 68. Kg6 g4 69. Rb5+ Kd4 70. hxg4 (70. Nxh5 Kc4 71. Rb2 (71. Ra5 Kb4 $14) 71... g3 (71... gxh3 72. Rh2 $14)) 70... hxg4 71. Kg5 Rh1 72. Nxg4 Rf1 73. Rb8 Kc5 74. Rd8 Kc6 75. Rd2 Kc5 76. Ne5 Kb4 77. Rc2 Kb3 78. Rc8 Rf2 79. Kg4 Rf6 80. Nd3 (80. Rb8+ Ka4) 80... Rf7 81. Nf4 Re7 82. Kf3 Re5 83. Nd3 Re7 84. Kf4 Rh7 85. Ke4 Rh4+ 86. Kd5 Rh5+ 87. Ne5 Rh4 88. Nf3 Rh5+ 89. Kd4 Kb4 90. Rc1 Kb5 91. Ne5 Rh4+ 92. Kd5 Kb4 93. Nc6+ Kb3 94. Nd4+ (94. Nb8 Rh3 $16) 94... Kb2 95. Rc2+ Kb1 96. Rg2 Kc1 97. Kc5 Rh8 98. Kc4 Kd1 {[%emt 0:00:17] The position is equal.} 99. Ra2 Ke1 100. Kd3 Rg8 101. Rh2 Rd8 102. Re2+ Kf1 103. Ra2 Rd7 104. Ke3 Re7+ 105. Kf4 Rf7+ 106. Nf5 Rf8 107. Ke4 Ke1 108. Ng3 Kd1 109. Ne2 Re8+ 110. Kd3 Rd8+ 111. Nd4 Ke1 112. Rb2 Rd7 113. Ke3 Re7+ 114. Kf4 Rf7+ 115. Nf5 Kd1 116. Rh2 Rf8 117. Ke4 Re8+ 118. Kd3 {[%emt 0:00:05] Threatening mate with Rh1+.} Rd8+ 119. Nd4 Ke1 {[%emt 0:00:10] White really could win this.   Weighted Error Value: White=0.33/Black=0.31.  Loses game:     	---       	Black=2      Missed win:     	White=1     	---        Mistake:       	White=5     	Black=6      Inaccurate:     	White=4     	Black=1      OK:         	White=27    	Black=41     Best:        	White=10    	Black=12     Strong:       	White=2     	Black=3} 1/2-1/2

[Event "Czech Extraliga 2024-25"]
[Site "Czechia"]
[Date "2024.11.03"]
[Round "2.7"]
[White "Rasik, Vitezslav"]
[Black "Kourousis, Epameinondas"]
[Result "1/2-1/2"]
[ECO "B11"]
[WhiteElo "2420"]
[BlackElo "2376"]
[Annotator "TA"]
[PlyCount "28"]
[EventDate "2024.09.12"]
[EventType "team-tourn"]
[EventCountry "CZE"]
[SourceTitle "playchess.com"]
[Source "ChessBase"]
[SourceQuality "1"]
[TimeControl "40/5400+30:1800+30"]

1. e4 c6 2. Nc3 d5 3. Nf3 dxe4 4. Nxe4 Nf6 5. Nxf6+ exf6 6. Bc4 Bd6 7. Qe2+ Qe7 8. Qxe7+ Kxe7 9. O-O Re8 10. Re1+ {[%emt 0:06:35] White has an edge.} Kf8 11. Rxe8+ Kxe8 12. d4 Be6 {[%emt 0:00:16] The position is equal.} 13. Nd2 Nd7 14. Bd3 Rd8 {[%emt 0:35:30] Not much happened in this game.   Weighted Error Value: White=0.02 (flawless) /Black=0.01 (flawless) .  OK:         	White=4     	Black=3} 1/2-1/2

[Event "Czech Extraliga 2024-25"]
[Site "Czechia"]
[Date "2024.11.03"]
[Round "2.7"]
[White "Pulpan, Jakub"]
[Black "Jirousek, Jan"]
[Result "1-0"]
[ECO "B11"]
[WhiteElo "2398"]
[BlackElo "2035"]
[Annotator "RC"]
[PlyCount "89"]
[EventDate "2024.09.12"]
[EventType "team-tourn"]
[EventCountry "CZE"]
[SourceTitle "playchess.com"]
[Source "ChessBase"]
[SourceQuality "1"]
[TimeControl "40/5400+30:1800+30"]

1. e4 c6 2. Nf3 d5 3. Nc3 Bg4 4. h3 Bxf3 5. Qxf3 e6 6. a3 Nf6 7. d3 Be7 8. g3 O-O 9. Bg2 dxe4 10. dxe4 Nbd7 11. O-O a5 12. Kh2 b5 13. Qe2 b4 14. Na4 Nc5 15. Nxc5 Bxc5 16. Bg5 e5 17. axb4 Bxb4 18. Be3 Qb8 19. Qf3 Qc8 20. Ra2 Qe6 21. Rfa1 Rab8 22. Bc1 Nd7 23. h4 Nc5 24. Be3 Nb7 25. Bh3 Qe7 26. Rd1 Rfd8 27. Bg5 f6 28. Qb3+ Kh8 29. Rxd8+ Rxd8 30. Be3 Bc5 31. Bxc5 Nxc5 32. Qc4 a4 33. b4 axb3 34. cxb3 g6 35. b4 Nd3 36. Rd2 Rd4 37. Qxc6 Nxb4 38. Qa8+ Kg7 39. Rb2 Kh6 40. Bg2 Qc5 41. Qb7 Nd3 42. Ra2 Qf8 43. Bh3 Nc5 44. Qc7 Qg8 45. Qxc5 1-0

[Event "Czech Extraliga 2024-25"]
[Site "Czechia"]
[Date "2024.11.03"]
[Round "2.7"]
[White "Hollan, Petr"]
[Black "Roubalik, Jakub"]
[Result "1/2-1/2"]
[ECO "C84"]
[WhiteElo "2251"]
[BlackElo "2315"]
[Annotator "RC"]
[PlyCount "101"]
[EventDate "2024.09.12"]
[EventType "team-tourn"]
[EventCountry "CZE"]
[SourceTitle "playchess.com"]
[Source "ChessBase"]
[SourceQuality "1"]
[TimeControl "40/5400+30:1800+30"]

1. e4 e5 2. Nf3 Nc6 3. Bb5 a6 4. Ba4 Nf6 5. d3 b5 6. Bb3 Be7 7. Nc3 d6 8. a4 Rb8 9. axb5 axb5 10. h3 O-O 11. O-O Be6 12. Nd5 Qd7 13. c3 Nd8 14. Nxe7+ Qxe7 15. Bc2 c5 16. d4 Bc8 17. Re1 h6 18. b4 cxb4 19. cxb4 Nc6 20. Rb1 exd4 21. Nxd4 Nxd4 22. Qxd4 Be6 23. Bf4 Rfd8 24. Bd3 Nh5 25. Bh2 Qg5 26. Qe3 Qxe3 27. Rxe3 Rb7 28. Rc1 Nf6 29. Re2 Bc4 30. Bxc4 bxc4 31. Rxc4 d5 32. exd5 Nxd5 33. Rd2 Re8 34. Bd6 Re1+ 35. Kh2 Nf6 36. Rc7 Rxc7 37. Bxc7 Rb1 38. Rd4 Kf8 39. Bd8 Nh7 40. f4 g6 41. Re4 h5 42. Be7+ Kg8 43. Rc4 Kg7 44. Rc7 Nf6 45. Bd6 Ne4 46. Be5+ Kf8 47. f5 gxf5 48. Rc8+ Ke7 49. Rh8 Rxb4 50. Rxh5 Ke6 51. Bf4 1/2-1/2

[Event "Czech Extraliga 2024-25"]
[Site "Czechia"]
[Date "2024.11.03"]
[Round "2.7"]
[White "Flajsman, Pavel"]
[Black "Bures, Jaroslav"]
[Result "0-1"]
[ECO "D02"]
[WhiteElo "2179"]
[BlackElo "2405"]
[Annotator "RC"]
[PlyCount "88"]
[EventDate "2024.09.12"]
[EventType "team-tourn"]
[EventCountry "CZE"]
[SourceTitle "playchess.com"]
[Source "ChessBase"]
[SourceQuality "1"]
[TimeControl "40/5400+30:1800+30"]

1. Nf3 g6 2. d4 Nf6 3. Nbd2 d5 4. e3 Bg7 5. b4 a5 6. b5 c5 7. bxc6 Nxc6 8. a4 O-O 9. c3 e5 10. Ba3 Re8 11. Bb5 e4 12. Ng1 Bd7 13. h3 Na7 14. c4 Nxb5 15. cxb5 Nh5 16. Ne2 Qg5 17. g4 Nf6 18. Bd6 Rac8 19. Qb3 Qh4 20. Bg3 Qh6 21. h4 g5 22. Bf4 Nxg4 23. Bxg5 Qe6 24. h5 Qf5 25. Bh4 Bh6 26. Bg3 Be6 27. Nf4 Kh8 28. Rh4 Rg8 29. Ke2 b6 30. Qb2 Nf6 31. Rc1 Bxf4 32. Bxf4 Nxh5 33. Rch1 Nxf4+ 34. Rxf4 Qg6 35. Nxe4 Bg4+ 36. f3 Bxf3+ 37. Rxf3 Qxe4 38. Rc1 Rg2+ 39. Rf2 Qg4+ 40. Ke1 Rg1+ 41. Rf1 Rxf1+ 42. Kxf1 Qf3+ 43. Ke1 Qxe3+ 44. Kd1 Rxc1+ 0-1

[Event "Czech Extraliga 2024-25"]
[Site "Czechia"]
[Date "2024.11.03"]
[Round "2.8"]
[White "Rydl, Jiri"]
[Black "Velicka, Petr"]
[Result "1/2-1/2"]
[ECO "A29"]
[WhiteElo "2404"]
[BlackElo "2334"]
[Annotator "TA"]
[PlyCount "97"]
[EventDate "2024.09.12"]
[EventType "team-tourn"]
[EventCountry "CZE"]
[SourceTitle "playchess.com"]
[Source "ChessBase"]
[SourceQuality "1"]
[TimeControl "40/5400+30:1800+30"]

1. c4 e5 2. Nc3 Nf6 3. Nf3 Nc6 4. g3 Bb4 5. Bg2 Bxc3 6. bxc3 O-O 7. O-O d6 8. d3 e4 9. Nd4 exd3 10. exd3 Bd7 11. Rb1 Rb8 12. Nc2 {[%emt 0:14:39] White has an edge.} Bg4 13. f3 Be6 14. f4 {[%emt 0:00:36] Black should prevent f5.} Qd7 15. Ne3 {[%emt 0:00:18] Threatens to win with f5.} Bh3 (15... Ne7 $11 {remains equal.}) 16. Bxh3 $16 Qxh3 {[%emt 0:00:07] [#]} 17. f5 (17. g4 $1 $16) 17... Ne5 $11 {[%emt 0:07:48] Inhibits Rf3.} 18. Rf4 {[%emt 0:02:02] Against Neg4} g5 {[%emt 0:00:11] Dodges Rh4} 19. fxg6 fxg6 20. d4 Ned7 21. Qf3 c6 22. Bd2 Nh5 (22... Kh8 $11) 23. Rxf8+ $16 Rxf8 24. Qg2 (24. Qg4 $16 Qxg4 25. Nxg4) 24... Qxg2+ $11 25. Kxg2 b6 26. Nc2 Re8 27. Kf3 {[%emt 0:00:15] Inhibits Re2.} Rf8+ 28. Ke2 Ndf6 29. Be1 Ng7 30. Nb4 Rc8 31. Kd3 c5 32. Nc2 Nf5 33. Bf2 d5 34. dxc5 (34. Na3 $11) 34... Ne4 ({Black should try} 34... dxc4+ $17 35. Kxc4 Ne4) 35. Bg1 Nxc5+ 36. Bxc5 Rxc5 37. cxd5 Rxd5+ {[%emt 0:00:09][%mdl 4096] Endgame. KRN-KRN} 38. Nd4 Ra5 39. Rb2 Nd6 40. Rf2 Re5 41. Nc6 Rd5+ 42. Kc2 {[%emt 0:00:11] [#] Strongly threatening Ne7+.} Rc5 43. Ne7+ Kg7 44. Rd2 Ne4 45. Rd7 {[%emt 0:02:06] The position is equal.} Kf8 (45... Nxc3 $2 {is the wrong capture.} 46. Nd5+ (46. Rxa7 $2 {loses.} Nb5+ 47. Kd3 Nxa7 $19) 46... Kh6 47. Nxc3 $18) 46. Nd5 Ke8 47. Re7+ Kd8 {[%emt 0:00:13][%cal Oe4c3] ...Nxc3! would now be deadly.} 48. Rxe4 Rxd5 49. Rf4 {[%emt 0:02:04] Weighted Error Value: White=0.14 (very precise) /Black=0.12 (very precise) .  Mistake:       	White=3     	Black=3      Inaccurate:     	White=1     	Black=2      OK:         	White=14    	Black=20     Best:        	White=3     	Black=1} 1/2-1/2

[Event "Czech Extraliga 2024-25"]
[Site "Czechia"]
[Date "2024.11.03"]
[Round "2.8"]
[White "Vrana, Jan"]
[Black "Ponizil, Cyril"]
[Result "1/2-1/2"]
[ECO "B13"]
[WhiteElo "2348"]
[BlackElo "2465"]
[Annotator "TA"]
[PlyCount "74"]
[EventDate "2024.09.12"]
[EventType "team-tourn"]
[EventCountry "CZE"]
[SourceTitle "playchess.com"]
[Source "ChessBase"]
[SourceQuality "1"]
[TimeControl "40/5400+30:1800+30"]

1. e4 c6 2. d4 d5 3. exd5 cxd5 4. c4 Nf6 5. Nc3 Nc6 6. Nf3 Bg4 7. cxd5 Nxd5 8. Qb3 Bxf3 9. gxf3 e6 10. Qxb7 Nxd4 11. Bb5+ Nxb5 12. Qc6+ Ke7 13. Qc5+ Nd6 {[%emt 0:00:12] [#] ...Nxc3 would now be deadly.} 14. Nxd5+ Kd7 ({Don't take} 14... exd5 15. O-O $15) 15. Nc3 {[%emt 0:06:15] The position is equal.} Qb6 16. Qxb6 (16. Qe5 {seems wilder.} Be7 17. O-O Bf6 18. Qf4) 16... axb6 17. Be3 Nc4 18. O-O-O+ Kc6 19. Rd4 Nxe3 (19... b5 {is more complex.} 20. Rhd1 Bc5 21. Re4 Nxe3 22. fxe3 Rhb8) 20. fxe3 Bc5 21. Rd3 Rhd8 22. Rhd1 Rxd3 23. Rxd3 $11 {[%emt 0:00:04][%mdl 4096] Endgame. KRB-KRN} Ra5 24. a3 (24. a4 $11 {keeps the balance.}) 24... Be7 25. Ne4 {[%emt 0:01:58] [#]} f5 (25... Rh5 $1 $17 26. Rc3+ Kd7 27. Rd3+ Ke8 28. Nd6+ Kf8) 26. Rc3+ $15 Kb7 27. b4 Rd5 28. Nf2 Bf6 29. Rd3 Kc6 30. Kc2 b5 {[%emt 0:05:02] Black is slightly better.} 31. e4 Rd4 32. Rxd4 Bxd4 {[%emt 0:48:25] KB-KN} 33. Nd3 g5 {[%emt 0:00:30] Threatens to win with ...g4.} 34. h3 Kd6 35. Kd2 Ke7 36. Ke2 Kf6 37. Kf1 Ke7 {[%emt 0:00:00] Weighted Error Value: White=0.11 (very precise) /Black=0.06 (flawless) .  Mistake:       	White=1     	Black=2      Inaccurate:     	White=2     	---        OK:         	White=11    	Black=9      Best:        	---       	Black=1} (37... h6 $15) 1/2-1/2

[Event "Czech Extraliga 2024-25"]
[Site "Czechia"]
[Date "2024.11.03"]
[Round "2.8"]
[White "Balacek, Tadeas"]
[Black "Mica, Marek"]
[Result "1/2-1/2"]
[ECO "A13"]
[WhiteElo "2346"]
[BlackElo "2333"]
[Annotator "RC"]
[PlyCount "110"]
[EventDate "2024.09.12"]
[EventType "team-tourn"]
[EventCountry "CZE"]
[SourceTitle "playchess.com"]
[Source "ChessBase"]
[SourceQuality "1"]
[TimeControl "40/5400+30:1800+30"]

1. c4 e6 2. g3 d5 3. Bg2 Nf6 4. Nf3 d4 5. O-O Nc6 6. d3 Bc5 7. Nbd2 O-O 8. Nb3 Be7 9. e3 dxe3 10. Bxe3 Ng4 11. Bc5 a5 12. Bxe7 Qxe7 13. a4 Rd8 14. Re1 Qb4 15. Qc2 Ra6 16. c5 Nf6 17. d4 e5 18. dxe5 Be6 19. Nbd2 Nd7 20. Ng5 Nf8 21. Ndf3 Qb3 22. Qb1 Nb4 23. Ra3 Qc2 24. Nxe6 Nxe6 25. Rc3 Qxb1 26. Rxb1 c6 27. Bf1 Raa8 28. h4 Rd7 29. Kg2 h6 30. Bc4 Rad8 31. Bxe6 fxe6 32. Kf1 Rd1+ 33. Rxd1 Rxd1+ 34. Ke2 Rb1 35. b3 Nd5 36. Rd3 Rc1 37. Nd2 Rxc5 38. Nc4 b5 39. axb5 Rxb5 40. Kd2 a4 41. bxa4 Rb4 42. Nd6 Rxa4 43. Rb3 Ra2+ 44. Ke1 c5 45. Rb8+ Kh7 46. Re8 Nb4 47. Ne4 Nd3+ 48. Kf1 Kg6 49. g4 Kh7 50. h5 Nxe5 51. g5 hxg5 52. Nxg5+ Kh6 53. Rxe6+ Kxg5 54. Rxe5+ Kh6 55. Rxc5 Ra4 1/2-1/2

[Event "Czech Extraliga 2024-25"]
[Site "Czechia"]
[Date "2024.11.03"]
[Round "2.8"]
[White "Zeman, Matyas"]
[Black "Vedral, Oldrich"]
[Result "1/2-1/2"]
[ECO "B07"]
[WhiteElo "2332"]
[BlackElo "2203"]
[Annotator "RC"]
[PlyCount "137"]
[EventDate "2024.09.12"]
[EventType "team-tourn"]
[EventCountry "CZE"]
[SourceTitle "playchess.com"]
[Source "ChessBase"]
[SourceQuality "1"]
[TimeControl "40/5400+30:1800+30"]

1. d4 Nf6 2. Nf3 g6 3. Nbd2 Bg7 4. e4 d6 5. Bb5+ c6 6. Bd3 Qc7 7. O-O O-O 8. c3 e5 9. Re1 Re8 10. a4 Nbd7 11. a5 d5 12. exd5 cxd5 13. dxe5 Nxe5 14. Rxe5 Rxe5 15. Nxe5 Qxe5 16. Nf3 Qc7 17. h3 Bd7 18. Be3 a6 19. Bb6 Qd6 20. Qd2 Re8 21. Re1 Rxe1+ 22. Qxe1 Bc6 23. Nd4 Bd7 24. Qe3 Nh5 25. Ne2 Qe6 26. Bd4 Qxe3 27. Bxe3 Be5 28. g4 Ng7 29. f4 Bc7 30. Bb6 Bd6 31. Kg2 Ne6 32. Kf3 Kf8 33. Be3 Bc6 34. Nd4 Ba4 35. Nxe6+ fxe6 36. Bd4 Kf7 37. Be5 Bc5 38. b4 Ba7 39. h4 Bc6 40. Kg3 h6 41. h5 gxh5 42. gxh5 Bd7 43. Kg4 Be3 44. Bg6+ Ke7 45. Kf3 Bd2 46. Ke2 Bc1 47. Kd3 Bb5+ 48. Kd4 Be2 49. f5 exf5 50. Bxf5 Kd8 51. Bg6 Bf3 52. Bf7 Bd2 53. Kc5 Be3+ 54. Bd4 Bxd4+ 55. Kxd4 Kc7 56. Kc5 Kc8 57. Kd6 Kb8 58. Bg6 Ka7 59. Ke5 b6 60. Kf6 bxa5 61. bxa5 Kb7 62. Kg7 Kc6 63. Kxh6 Kb5 64. Kg5 Bxh5 65. Bxh5 Kc4 66. Be2+ Kxc3 67. Bxa6 Kb4 68. Bb7 Kxa5 69. Bxd5 1/2-1/2